 Dungeon Crawl Stone Soup version 0.31-a0-43-g46d131a48f (webtiles) character file.

Game seed: 14151495665830387445

1596 Drazool the Basher (level 8, -13/60 HPs)
             Began as a Demonspawn Fighter on May 19, 2023.
             Mangled by a two-headed ogre
             ... wielding a +0 giant spiked club
              (19 damage)
             ... on level 6 of the Dungeon.
             The game lasted 00:12:55 (3914 turns).

Drazool the Basher (Demonspawn Fighter)             Turns: 3914, Time: 00:12:55

Health: -13/60     AC: 16    Str: 19    XL:     8   Next: 62%
Magic:  8/8        EV: 10    Int: 10    God:
Gold:   402        SH:  5    Dex: 12    Spells: 7/7 levels left

rFire   . . .        w - +1 flail (venom)
rCold   . . .        c - +0 buckler
rNeg    . . .        i - +1 scale mail {rPois}
rPois   +            n - +1 helmet "Imneax" {rElec Regen+ Slay+4 Stlth-}
rElec   +            f - +2 cloak
rCorr   .            (no gloves)
SInv    .            (no boots)
Will    .....        k - amulet of regeneration Stlth
                     (no ring)
HPRegen 1.90/turn    (no ring)
MPRegen 0.11/turn

%: no passive effects
@: no status effects
A: thin metallic scales 2, demonic touch 1
a: no special abilities


You were on level 6 of the Dungeon.
You visited 1 branch of the dungeon, and saw 6 of its levels.

You collected 402 gold pieces.


Innate Abilities, Weirdness & Mutations

You are mostly covered in thin metallic scales. (AC +3)
Your touch may inflict minor irresistible damage on your foes.


   Skills:
 + Level 4.2 Fighting
 + Level 8.5 Maces & Flails
 + Level 3.8 Armour
 + Level 2.4 Dodging
 + Level 3.9 Shields


You had 7 spell levels left.
You didn't know any spells.
Your spell library contained the following spells:

 Spells                   Type           Power      Damage    Failure   Level
 Kiss of Death            Conj/Necr      0%         2d5       80%         1
 Lesser Beckoning         Tloc           0%         N/A       91%         2
 Sublimation of Blood     Necr           0%         N/A       91%         2
 Wereblood                Tmut           0%         N/A       91%         2
 Confusing Touch          Hex            0%         N/A       99%         3
 Gell's Gravitas          Tloc           0%         N/A       99%         3
 Teleport Other           Tloc           0%         N/A       99%         3
 Dispel Undead            Necr           0%         3d6       100%        4
 Leda's Liquefaction      Hex/Erth       0%         N/A       100%        4
 Lee's Rapid Deconstruct  Erth           0%         3d4*      100%        5
 Statue Form              Tmut/Erth      0%         N/A       100%        6
 Summon Hydra             Summ           0%         N/A       100%        7

Inventory:

Hand Weapons
 a - a +0 flail
 w - a +1 flail of venom (weapon)
Missiles
 o - 3 javelins (quivered)
Armour
 c - a +0 buckler (worn)
 f - a +2 cloak (worn)
 i - a +1 scale mail of poison resistance (worn)
 n - the +1 helmet "Imneax" (worn) {rElec Regen+ Slay+4 Stlth-}
   (You found it on level 3 of the Dungeon)

   Slay:      It affects your accuracy & damage with ranged weapons and melee
   (+4).
   rElec:     It insulates you from electricity.
   Regen:     It increases your rate of health regeneration.
   Stlth:     It makes you less stealthy.
 x - a +0 ring mail of willpower
 A - a +2 ring mail of fire resistance
Jewellery
 k - an amulet of regeneration (around neck)
 I - a +6 ring of intelligence
 N - a ring of positive energy
Wands
 t - a wand of mindburst (14)
 v - a wand of iceblast (6)
Scrolls
 j - a scroll of immolation
 l - 4 scrolls of vulnerability
 m - 3 scrolls of fear
 r - 3 scrolls of teleportation {@r2}
 s - a scroll of noise
 u - a scroll of poison {unknown}
 z - a scroll of identify {@r1}
Potions
 b - 2 potions of lignification
 d - a potion of might
 e - 3 potions of curing {@q1}
 g - 2 potions of berserk rage {!q}
 h - 2 potions of brilliance
 p - a potion of resistance
 q - 2 potions of heal wounds {@q2}

Dungeon Overview and Level Annotations

Branches:
Dungeon (6/15)
 Temple: D:4-7

Altars:
Gozag
Hepliaklqana
Makhleb
Qazlal
Vehumet
Xom

....... #.#..####.. .......
#.......... ....c...
#.......... ........##
#.......... .!.....
..########.......... .......
#...................
......:###...........<......
.......!##)........#.#.##.#.
...((.(.))O@.......#.#.##.#.
........##.........#.#......
........##...........###....
.......)##..........###.....
.......##.....#####.........
......##.......## #....^....
....###......)..# .##......
.... #.........# .#..####.
... ..............# #.## #.


You could see a two-headed ogre (very poisoned).


Message History

A two-headed ogre comes into view.
It is wielding a +0 giant spiked club and a +0 giant club.
Unknown command.
You throw a poisoned dart.
The poisoned dart hits the two-headed ogre.
You throw a poisoned dart.
The poisoned dart hits the two-headed ogre.
The two-headed ogre is poisoned.
No target in view!
You throw a poisoned dart.
The poisoned dart hits the two-headed ogre.
The two-headed ogre is lightly wounded.
You throw a javelin.
The javelin pierces through the two-headed ogre!
The two-headed ogre is lightly wounded.
You throw a javelin.
The javelin pierces through the two-headed ogre.
The two-headed ogre is moderately wounded.
You sock the two-headed ogre!
The two-headed ogre looks even sicker.
The two-headed ogre is heavily wounded.
The two-headed ogre hits you with a +0 giant spiked club!!
Ouch! That really hurt!
* * * LOW HITPOINT WARNING * * *
You block the two-headed ogre's attack.
You hear a loud, deep croak!
You barely miss the two-headed ogre.
The two-headed ogre is heavily wounded.
The two-headed ogre hits you with a +0 giant spiked club!!
* * * LOW HITPOINT WARNING * * *
The two-headed ogre hits you with a +0 giant club!!
You die...

Skill      XL: |  1  2  3  4  5  6  7  8 |
---------------+-------------------------+-----
Maces & Flails | 2 3 4 6 7 8 |  8.5
Armour         | 3 |  3.8
Dodging        | 1 2 |  2.4
Shields        | 3 |  3.9
Fighting       | 4 |  4.2

Action                     |  1- 3 |  4- 6 |  7- 9 || total
---------------------------+-------+-------+-------++-------
  Melee: Flail             |   127 |    84 |    94 ||   305
  Throw: Javelin           |       |     4 |     3 ||     7
         Dart              |       |       |     3 ||     3
    Use: Scroll            |     7 |       |     9 ||    16
 Armour: Scale mail        |    73 |    46 |    51 ||   170
  Dodge: Dodged            |    34 |    38 |    46 ||   118
  Block: Buckler           |    23 |    12 |    11 ||    46

Levels and vault maps discovered:
D:1:      onia_arrival_pyramid, layout_basic, shapermc_ecumenical_altar_pompeii
D:2:      layout_basic
D:3:      layout_loops_cross, nicolae_overflow_crystal_walls,
          minmay_overflow_temple_star_hex
D:4:      layout_loops_ring, worldfamousw_hep_ancestral_shrine,
          nicolae_eternal_life, uniq_ijyb, uniq_duvessa, uniq_edmund
D:5:      layout_basic, serial_rivers, chequers_serial_rivers_micro_b,
          chequers_serial_rivers_micro_e, chequers_serial_rivers_micro_d,
          chequers_serial_rivers_micro_d, uniq_prince_ribbit1
D:6:      layout_rooms

Notes
Turn   | Place    | Note
-------+----------+-------------------------------------------
     0 | D:1      | Drazool the Demonspawn Fighter began the quest for the Orb.
     0 | D:1      | Reached XP level 1. HP: 18/18 MP: 1/1
    75 | D:1      | Reached skill level 2 in Maces & Flails
   109 | D:1      | Gained mutation: You are partially covered in thin metallic
                  | scales. (AC +2) [demonic ancestry]
   109 | D:1      | Reached XP level 2. HP: 24/24 MP: 2/2
   508 | D:1      | Found a faded altar of an unknown god.
   880 | D:1      | Reached skill level 3 in Maces & Flails
  1028 | D:2      | Gained mutation: You are mostly covered in thin metallic
                  | scales. (AC +3) [demonic ancestry]
  1028 | D:2      | Reached XP level 3. HP: 29/29 MP: 3/3
  1711 | D:3      | Identified the +1 helmet "Imneax" {rElec Regen+ Slay+4
                  | Stlth-}
  1868 | D:3      | Found an opulent altar of Gozag.
  1868 | D:3      | Found a shimmering altar of Xom.
  1868 | D:3      | Found a stormy altar of Qazlal.
  1880 | D:3      | Found a radiant altar of Vehumet.
  1883 | D:3      | Found a burning altar of Makhleb.
  2282 | D:4      | Noticed Duvessa
  2282 | D:4      | Noticed Dowan
  2315 | D:4      | Noticed Ijyb
  2330 | D:4      | Killed Ijyb
  2331 | D:4      | Reached skill level 4 in Maces & Flails
  2331 | D:4      | Gained mutation: Your touch may inflict minor irresistible
                  | damage on your foes. [demonic ancestry]
  2331 | D:4      | Reached XP level 4. HP: 35/35 MP: 4/4
  2351 | D:4      | Noticed a scorpion
  2363 | D:4      | Killed a scorpion
  2364 | D:4      | Reached XP level 5. HP: 39/41 MP: 5/5
  2571 | D:4      | Reached skill level 5 in Maces & Flails
  2624 | D:4      | Noticed Edmund
  2653 | D:4      | Killed Edmund
  2654 | D:4      | Reached skill level 6 in Maces & Flails
  2654 | D:4      | Reached XP level 6. HP: 47/47 MP: 6/6
  2796 | D:4      | Killed Duvessa
  2801 | D:4      | Found a hazy altar of Hepliaklqana.
  2808 | D:4      | Killed Dowan
  3088 | D:5      | Entered Level 5 of the Dungeon
  3182 | D:5      | Reached skill level 7 in Maces & Flails
  3182 | D:5      | Reached XP level 7. HP: 52/52 MP: 7/7
  3198 | D:5      | Identified the +0 leather armour "Liodeh Booc" {Regen+
                  | Str+2}
  3290 | D:5      | Noticed Prince Ribbit
  3302 | D:4      | Killed Prince Ribbit
  3335 | D:5      | Reached skill level 8 in Maces & Flails
  3379 | D:5      | Reached skill level 3 in Armour
  3379 | D:5      | Reached skill level 1 in Dodging
  3379 | D:5      | Reached skill level 3 in Shields
  3413 | D:5      | Reached XP level 8. HP: 58/58 MP: 8/8
  3454 | D:5      | Identified a potion of resistance
  3782 | D:6      | Reached skill level 2 in Dodging
  3866 | D:6      | Reached skill level 4 in Fighting
  3906 | D:6      | Noticed a two-headed ogre
  3914 | D:6      | HP: 6/60 [two-headed ogre/+0 giant spiked club (26)]
  3914 | D:6      | Mangled by a two-headed ogre

Vanquished Creatures
  Prince Ribbit (D:4)
  Edmund (D:4)
  Duvessa (D:4)
  A black bear (D:5)
  2 ogres
  3 centaurs
  4 scorpions
  Dowan (D:4)
  A howler monkey (D:6)
  An orc priest (D:5)
  A hound (D:5)
  A jelly (D:6)
  Ijyb (D:4)
  4 iguanas (D:5)
  An orc wizard (D:6)
  4 gnolls (D:5)
  2 adders
  A worm (D:2)
  3 dart slugs (D:1)
  12 orcs
  3 endoplasms (D:2)
  4 giant cockroaches
  8 goblins
  5 hobgoblins
  3 jackals (D:1)
  9 kobolds
  A quokka (D:4)
  3 ball pythons
  2 bats (D:3)
  2 frilled lizards
  8 rats
94 creatures vanquished.

Table legend: (Time is in decaauts)
 A = Elapsed time spent in this place.
 B = Non-inter-level travel time spent in this place.
 C = Inter-level travel time spent in this place.
 D = Time resting spent in this place.
 E = Time spent auto-exploring this place.
 F = Levels seen in this place.
 G = Mean time per level.
                   A        B        C        D        E       F      G
               +--------+--------+--------+--------+--------+-----+--------+
         Total |   3972 |   3815 |    157 |     48 |   2850 |   6 |  662.0 |
       Dungeon |   3972 |   3815 |    157 |     48 |   2850 |   6 |  662.0 |
               +--------+--------+--------+--------+--------+-----+--------+

Top non-repeatable levels by time:
     D:1: 957 daAuts
     D:4: 829 daAuts
     D:2: 767 daAuts
     D:5: 638 daAuts
     D:3: 621 daAuts
     D:6: 158 daAuts

Table legend:
 A = Non-vault XP
 B = Vault XP
 C = Vault XP percentage of total XP
 D = Non-vault monster count
 E = Vault monster count
 F = Vault count percentage of total count
                 A         B        C        D         E       F
            +---------+---------+-------+---------+---------+-------
      Total |    1610 |     671 |  29.4 |      89 |       5 |   5.3
            +---------+---------+-------+---------+---------+-------
        D:1 |      33 |       0 |   0.0 |      17 |       0 |   0.0
        D:2 |      31 |       0 |   0.0 |      17 |       0 |   0.0
        D:3 |      30 |       0 |   0.0 |      12 |       0 |   0.0
        D:4 |     181 |     671 |  78.8 |      10 |       5 |  33.3
        D:5 |     746 |       0 |   0.0 |      17 |       0 |   0.0
        D:6 |     589 |       0 |   0.0 |      16 |       0 |   0.0
            +---------+---------+-------+---------+---------+-------
